Map: Nightshade LE

Players

Osiris

  • Race: Terran Terran
  • League: Diamond
  • Spawn Location: 5:00

JimmyShmo - Winner!

  • Race: Protoss Protoss
  • League: Diamond
  • Spawn Location: 11:00

VOD

Have the link to the VOD?

Description

Time

  • Played on: Feb. 9, 2020, 7:43 p.m.
  • Length: 7:21
Show
View Real Time Build Order
Export as new Build Order

Osiris Terran 

Build Orders: Reaper Expand, Mech 

Get SALT Encoding   

  12  0:00  SCV  
  13  0:13  SCV  
  14  0:16  Supply Depot  
  14  0:25  SCV  
  15  0:38  SCV  
  15  0:39  Barracks  
  16  0:43  Refinery  
  16  0:50  SCV  
  17  1:02  SCV  
  18  1:14  SCV  
  19  1:27  Orbital Command  
  19  1:28  Reaper  
  20  1:47  Command Center  
  20  1:53  Supply Depot  
  21  1:54  SCV  
  21  2:00  Marine  
  22  2:07  SCV  
  23  2:11  Factory  
  23  2:17  Refinery  
  23  2:19  SCV  
  24  2:24  Bunker  
  24  2:27  Barracks Reactor  
  24  2:31  SCV  
  25  2:43  SCV  
  26  2:55  Factory Tech Lab  
  25  2:58  SCV  
  25  2:59  Orbital Command  
  25  3:03  Marine x2  
  28  3:10  SCV  
  29  3:14  Siege Tank  
  32  3:21  Marine x2  
  32  3:22  SCV  
  32  3:25  SCV  
  36  3:31  Starport  
  36  3:32  Supply Depot  
  36  3:35  SCV  
  36  3:37  SCV  
  36  3:39  Marine x2  
  40  3:47  Supply Depot, SCV  
  41  3:49  SCV  
  41  3:53  Widow Mine  
  44  3:59  SCV  
  44  4:00  Orbital Command  
  45  4:13  Marine x2  
  45  4:16  Bunker  
  47  4:23  SCV  
  48  4:25  Banshee, Cloaking Field  
  48  4:28  Widow Mine  
  48  4:29  SCV  
  54  4:33  Supply Depot  
  54  4:35  Marine, SCV  
  54  4:36  Marine  
  57  4:41  SCV  
  58  4:49  SCV  
  58  4:52  Command Center  
  59  4:54  Refinery, Factory Tech Lab  
  59  4:55  Marine x2  
  59  4:59  SCV  
  62  5:01  SCV  
  62  5:02  Refinery  
  62  5:03  Factory  
  63  5:09  Factory  
  63  5:11  SCV  
  63  5:13  Supply Depot  
  64  5:15  Supply Depot  
  64  5:17  SCV  
  65  5:23  Siege Tank, SCV  
  69  5:29  SCV  
  70  5:36  SCV  
  70  5:40  Supply Depot  
  70  5:41  Banshee  
  70  5:42  SCV  
  72  6:00  Siege Tank, Engineering Bay  
  72  6:02  Factory Tech Lab  
  75  6:05  Orbital Command  
  75  6:13  SCV x2  
  77  6:20  Supply Depot  
  77  6:23  Siege Tank  
  77  6:24  Hellion x2  
  77  6:25  SCV x2  
  86  6:33  Siege Tank, Missile Turret  
  86  6:37  SCV  
  90  6:44  Factory x2  
Show
View Real Time Build Order
Export as new Build Order

JimmyShmo Protoss - Winner!

Build Orders: Dark Templar Rush 

Get SALT Encoding   

  12  0:01  Probe  
  13  0:13  Probe  
  14  0:18  Pylon  
  14  0:25  Probe (Chrono Boost)  
  15  0:36  Gateway  
  15  0:38  Probe (Chrono Boost)  
  16  0:46  Probe (Chrono Boost)  
  16  0:48  Assimilator  
  17  0:52  Probe  
  18  1:04  Gateway, Probe  
  19  1:16  Probe  
  20  1:21  Assimilator  
  20  1:24  Cybernetics Core  
  20  1:28  Probe  
  21  1:34  Pylon  
  21  1:40  Probe  
  22  1:52  Probe  
  23  1:59  Stalker (Chrono Boost)  
  23  2:04  Probe  
  26  2:17  Probe  
  27  2:26  Nexus  
  27  2:29  Probe  
  28  2:41  Probe  
  29  2:53  Probe  
  29  2:56  Pylon  
  29  2:57  Warp Gate  
  30  3:01  Twilight Council  
  30  3:05  Probe  
  31  3:14  Zealot x2  
  31  3:15  Pylon  
  35  3:28  Charge (Chrono Boost)  
  35  3:34  Robotics Facility  
  35  3:38  Dark Shrine  
  35  3:43  Probe  
  38  3:52  Zealot (Chrono Boost)  
  38  3:57  Gateway  
  38  4:03  Stalker (Chrono Boost)  
  40  4:15  Pylon  
  40  4:16  Gateway  
  40  4:25  Warp Prism  
  42  4:39  Gateway  
  42  4:41  Gateway  
  42  4:44  Pylon, Shadow Stride (Chrono Boost)  
  42  4:57  Zealot  
  42  4:58  Zealot  
  46  5:03  Pylon  
  46  5:08  Zealot  
  48  5:16  Zealot  
  48  5:20  Pylon  
  50  5:24  Gateway  
  50  5:32  Gateway  
  50  5:34  Probe  
  51  5:54  Zealot x3  
  51  5:55  Zealot  
  59  6:03  Dark Templar x2  
  63  6:08  Assimilator  
  63  6:17  Dark Templar x2  
  67  6:26  Dark Templar  
  67  6:28  Dark Templar  
  67  6:32  Zealot  
  73  6:36  Zealot  
  54  7:20  Stalker x4  
Tags
 
Add a new tag
Caveats
  • Supply blocks, unpowered buildings, or Contaminate may cause inaccurate times.
  • Supply counts are checked every 10 seconds.